 Dungeon Crawl Stone Soup version 0.17-a0-1103-ga40c899 (webtiles) character file.

29894 Inkie the Slinger (level 13, -2/64 HPs)
             Began as a Kobold Arcane Marksman on May 18, 2015.
             Was the Champion of Sif Muna.
             Killed from afar by a fire drake (12 damage)
             ... with a blast of flame
             ... on level 5 of the Lair of Beasts on May 21, 2015.
             The game lasted 03:46:34 (30887 turns).

Inkie the Slinger (Kobold Arcane Marksman)         Turns: 30887, Time: 03:46:34

Health: -2/64      AC:  7    Str:  9    XL:     13   Next: 84%
Magic:  18/26      EV: 16    Int: 15    God:    Sif Muna [******]
Gold:   892        SH: 10    Dex: 17    Spells: 8 memorised, 4 levels left

rFire  . . .     SeeInvis .     q - +2 hunting sling
rCold  . . .     Clarity  .     N - +0 robe
rNeg   + . .     SustAb   .     O - +2 buckler
rPois  .         Gourm    .     r - +1 hat {MR+}
rElec  .         Spirit   .     V - +0 cloak
rCorr  .         Warding  +     f - +2 pair of gloves
rMut   .         Stasis   .     (no boots)
MR     +....                    F - amulet of warding
Stlth  ++........               v - +2 ring of slaying
                                j - +1 ring of evasion

@: somewhat resistant to hostile enchantments, unstealthy
A: carnivore 3, regeneration 1
a: Channel Energy, Forget Spell, Renounce Religion


You were on level 5 of the Lair of Beasts.
You worshipped Sif Muna.
Sif Muna was exalted by your worship.
You were not hungry.

You visited 3 branches of the dungeon, and saw 19 of its levels.
You also visited: Ossuary.

You collected 933 gold pieces.
You spent 41 gold pieces at shops.

Inventory:

Hand weapons
 q - a +2 hunting sling (weapon)
 w - a +2 whip of venom
Missiles
 n - 30 poisoned needles
 s - 198 stones (quivered)
 z - 25 silver sling bullets
 B - 10 tomahawks
 E - 6 needles of confusion
 K - a throwing net
 U - 21 steel sling bullets
 Z - 17 sling bullets
Armour
 f - a +2 pair of gloves (worn)
 r - a +1 hat of magic resistance (worn)
 N - a +0 robe (worn)
 O - a +2 buckler (worn)
 V - a +0 cloak (worn)
Magical staves
 k - an uncursed staff of cold {unknown}
Jewellery
 j - a +1 ring of evasion (left hand)
 v - a +2 ring of slaying (right hand)
 F - an amulet of warding (around neck)
Magical devices
 c - a wand of cold (6)
 p - a wand of magic darts (6)
 L - a wand of random effects (34)
 S - a wand of frost (9)
 Y - a wand of draining (2)
Scrolls
 b - 6 scrolls of remove curse
 d - a scroll of enchant weapon
 h - 2 scrolls of teleportation
 l - 2 scrolls of holy word
 o - 4 scrolls of identify
 u - 3 scrolls of vulnerability
 x - a scroll of enchant armour
 I - 2 scrolls of fog
 J - 2 scrolls of amnesia
 X - 3 scrolls of recharging
Potions
 a - 4 potions of agility
 g - 2 potions of brilliance
 t - a potion of cancellation
 C - a potion of resistance {unknown}
 H - a potion of curing
 T - a potion of haste
 W - a potion of might
Books
 i - a book of Battle

   Spells                             Type                      Level
   a - Infusion                       Charms                       1
   b - Shroud of Golubria             Charms/Translocation         2
   c - Song of Slaying                Charms                       2
   d - Spectral Weapon                Hexes/Charms                 3
   e - Regeneration                   Charms/Necromancy            3
 m - Sif Muna's Handbook of the Escort
   (Sif Muna gifted it to you on level 4 of the Lair of Beasts)

   Spells                             Type                      Level
   a - Summon Butterflies             Summoning                    1
   b - Summon Small Mammal            Summoning                    1
   c - Summon Mana Viper              Hexes/Summoning              5
   d - Aura of Abjuration             Summoning                    5
   e - Summon Greater Demon           Summoning                    7
Miscellaneous
 y - a lamp of fire
 G - a legendary deck of wonders
Comestibles
 e - 9 meat rations
 D - 3 beef jerkies
 P - 10 royal jellies


   Skills:
 - Level 1.1 Fighting
 - Level 14.0 Slings
 - Level 2.4 Dodging
 - Level 9.1 Shields
 + Level 9.0 Spellcasting
 - Level 3.0 Hexes
 + Level 9.4 Summonings
 - Level 8.7 Translocations
 - Level 0.2 Invocations
 - Level 0.2 Evocations


You had 4 spell levels left.
You knew the following spells:

 Your Spells              Type           Power        Failure   Level  Hunger
a - Corona                Hex            ###....      3%          1    None
b - Blink                 Tloc           N/A          1%          2    None
c - Portal Projectile     Tloc           ####..       1%          3    #......
d - Gell's Gravitas       Hex/Tloc       ###.......   2%          3    #......
e - Tukima's Dance        Hex            ###.....     12%         3    #......
f - Passage of Golubria   Tloc           N/A          2%          4    ###....
g - Summon Forest         Summ/Tloc      ####......   10%         5    #####..
h - Summon Mana Viper     Hex/Summ       ####....     28%         5    #####..


Dungeon Overview and Level Annotations

Branches:
Dungeon (12/15)            Temple (1/1) D:4            Lair (6/8) D:11
  Swamp (0/4) Lair:4       Spider (0/4) Lair:5
  Slime: Lair:6-8       Orc: D:9-12

Altars:
Ashenzari
Cheibriados
Dithmenos
Elyvilon
Fedhas
Gozag
Kikubaaqudgha
Makhleb
Nemelex Xobeh
Okawaru
Qazlal
Ru
Sif Muna
Trog
Vehumet
Xom
Yredelemnul
Zin
The Shining One

Shops:
D:5 }   D:7 (   D:8 *   D:11 :

Annotations:
D:11 Erolcha


Innate Abilities, Weirdness & Mutations

You are small and have problems with some larger weapons.
You are carnivorous and can eat meat at any time.
Your natural rate of healing is unusually fast.


Message History

The fire drake is severely wounded.
This wand has 4 charges left.
Evoke which item? (* to show all) (? for menu, Esc to quit)
Zapping:
Y - a wand of draining (4)
Press: ? - help, Shift-Dir - straight line, f/p - fire drake
Aim: a fire drake (severely wounded, catching its breath, lightly drained)
The bolt of negative energy misses the fire drake.
This wand has 3 charges left.
Evoke which item? (* to show all) (? for menu, Esc to quit)
Zapping:
Y - a wand of draining (3)
Press: ? - help, Shift-Dir - straight line, p - fire drake The bolt of negative energy misses the fire drake.
The bolt of negative energy hits the river rat.
The river rat is drained!
The river rat is severely wounded.
This wand has 2 charges left.
The fire drake bites you.
* * * LOW HITPOINT WARNING * * *
The fire drake breathes flames at you. The blast of flame hits you!
You die...

......≈.≈≈.≈≈.≈.........#.....P#.
......≈≈.≈.≈.≈≈...#........#.....
.....≈≈≈≈...≈≈≈#...#.......#.#...
..........>....≈...#..........#..
...P..≈≈≈...≈≈≈.(...P......PP.#..
......≈≈.≈.≈.≈≈....P........P....
......≈.≈≈.≈≈.≈...P(#>.#..P......
.......≈≈≈.≈≈≈..kr(..(.....P.....
................@PP#..P.........#
...................#....>......##
....#...........................#
.................................
...[.............................
..........)......................
.........................#.#....^
.......................#.........
.......................####...#..


You could see a fire drake and a river rat.

Vanquished Creatures
  2 hydras
  A catoblepas (Lair:4)
  2 hill giants
  The ghost of aves the Cleaver, an experienced VSFi of Qazlal (D:10)
  The ghost of WhatIsLove the Nimble, an experienced KoBe of Trog (D:6)
  2 ugly things (D:10)
  4 black mambas
  Psyche (D:8)
  7 spiny frogs
  5 komodo dragons
  3 trolls
  3 fire drakes
  Prince Ribbit (D:5)
  3 two-headed ogres
  4 blink frogs (Lair:4)
  Grum (D:9)
  2 dancing weapons
  10 yaks
  4 hungry ghosts
  9 hippogriffs
  4 wolves (D:9)
  2 soldier ants (D:9)
  6 insubstantial wisps
  3 vampire mosquitoes (Lair:3)
  4 porcupines
  7 orc warriors
  7 water moccasins
  7 spiders
  5 sky beasts
  An eye of draining (D:10)
  2 ice beasts
  5 ogres
  5 centaurs
  A wasp (D:11)
  2 phantoms
  8 crocodiles
  14 giant frogs
  An elf zombie (Ossuary)
  2 gnoll sergeants
  20 killer bees
  5 scorpions
  3 electric eels
  5 jellies
  A centaur zombie (Ossuary)
  6 crimson imps
  7 hounds
  A giant frog zombie (D:7)
  An orc priest (D:5)
  A human zombie (Ossuary)
  3 quasits
  4 orc wizards
  2 giant frog skeletons
  Jessica (D:2)
  9 iguanas
  21 sheep
  7 worker ants
  2 big kobold zombies (Ossuary)
  A mummy (Ossuary)
  12 adders
  16 gnolls
  44 river rats
  4 shadow imps
  An adder zombie (D:9)
  3 oozes
  An adder skeleton (D:8)
  2 worms
  4 giant geckos
  38 orcs
  28 bats
  A bat skeleton (D:4)
  A bat zombie (D:6)
  11 giant cockroaches
  21 goblins
  16 hobgoblins
  14 jackals
  8 kobolds
  6 quokkas
  A ball python zombie (D:5)
  4 giant newts
  A goblin zombie (Ossuary)
  8 hobgoblin zombies (Ossuary)
  6 jackal zombies
  4 kobold zombies (Ossuary)
  13 orc zombies (Ossuary)
  A quokka skeleton (D:5)
  A quokka zombie (D:7)
  25 rats
  A rat zombie (Ossuary)
  2 fungi
  3 plants (Lair:4)
553 creatures vanquished.

Vanquished Creatures (collateral kills)
  Gastronok (Lair:2)
  A hydra (Lair:5)
  A komodo dragon (Lair:5)
  3 spiny frogs
  A basilisk (Lair:6)
  2 spiders (Lair:5)
  A crocodile (Lair:6)
  3 fungi
  2 plants
15 creatures vanquished.

Vanquished Creatures (others)
  A mana viper (Lair:4)
  3 dryads
  8 dancing weapons
  A river rat (Lair:6)
  2 fungi (D:11)
  3 plants
  2 snaplasher vines
  256 snaplasher vine segments
276 creatures vanquished.

Grand Total: 844 creatures vanquished

Notes
Turn   | Place    | Note
--------------------------------------------------------------
     0 | D:1      | Inkie the Kobold Arcane Marksman began the quest for the Orb.
     0 | D:1      | Reached XP level 1. HP: 12/12 MP: 2/2
   180 | D:1      | Reached XP level 2. HP: 16/16 MP: 3/3
   931 | D:1      | Reached XP level 3. HP: 20/20 MP: 4/4
   946 | D:1      | Reached skill level 4 in Slings
  1769 | D:2      | Reached XP level 4. HP: 25/25 MP: 5/5
  1858 | D:2      | Found a blossoming altar of Fedhas.
  1862 | D:2      | Found an ancient bone altar of Kikubaaqudgha.
  1941 | D:2      | Reached skill level 5 in Slings
  2310 | D:2      | Noticed an angel
  2310 | D:2      | Found a glowing silver altar of Zin.
  2310 | D:2      | Found a shimmering altar of Xom.
  2504 | D:2      | Noticed Jessica
  2516 | D:2      | Killed Jessica
  2516 | D:2      | Reached XP level 5. HP: 23/29 MP: 6/6
  2649 | D:2      | Reached skill level 6 in Slings
  2783 | D:3      | Found a deep blue altar of Sif Muna.
  3314 | D:4      | Reached XP level 6. HP: 34/34 MP: 7/7
  3353 | D:4      | Reached skill level 7 in Slings
  3513 | D:4      | Found a staircase to the Ecumenical Temple.
  3522 | Temple   | Entered the Ecumenical Temple
  3810 | D:4      | Found a sand-covered staircase.
  3816 | Ossuary  | Entered an ossuary
  4191 | Ossuary  | Reached skill level 8 in Slings
  4344 | Ossuary  | Reached XP level 7. HP: 34/38 MP: 8/8
  4634 | D:4      | Reached skill level 9 in Slings
  4681 | D:4      | Found a radiant altar of Vehumet.
  4691 | D:4      | Learned a level 2 spell: Blink
  4799 | D:4      | Found a shadowy altar of Dithmenos.
  5240 | D:4      | Reached skill level 1 in Translocations
  5482 | D:4      | Noticed an ogre
  5486 | D:4      | Killed an ogre
  5486 | D:4      | Reached skill level 10 in Slings
  5486 | D:4      | Reached XP level 8. HP: 43/43 MP: 9/9
  5748 | D:5      | Entered Level 5 of the Dungeon
  6058 | D:3      | Became a worshipper of Sif Muna the Loreminder
  6137 | D:5      | Noticed Prince Ribbit
  6497 | D:5      | Found Qeboan's Gadget Shop.
  6537 | D:5      | Killed Prince Ribbit
  6614 | D:5      | Reached skill level 11 in Slings
  7164 | D:6      | Noticed WhatIsLove's ghost (experienced KoBe)
  7164 | D:6      | Found a stormy altar of Qazlal.
  7223 | D:6      | Found an iron altar of Okawaru.
  7333 | D:6      | Found a shattered altar of Ashenzari.
  7339 | D:6      | Reached XP level 9. HP: 29/47 MP: 10/10
  7568 | D:6      | Reached skill level 12 in Slings
  7706 | D:6      | Found a sparkling altar of Nemelex Xobeh.
  8705 | D:7      | Reached skill level 13 in Slings
  8992 | D:7      | Found Ugusui's Weapon Emporium.
  9908 | D:8      | Noticed Psyche
 10402 | D:8      | Acquired Sif Muna's first power
 10402 | D:8      | Reached XP level 10. HP: 38/52 MP: 11/11
 10431 | D:8      | Found a basalt altar of Yredelemnul.
 10436 | D:8      | Found a glowing golden altar of the Shining One.
 10438 | D:8      | Noticed an angel
 10516 | D:8      | Found Ixurhyg's Assorted Antiques.
 10530 | D:8      | Bought 2 cyan potions for 41 gold pieces
 10648 | D:8      | Reached skill level 14 in Slings
 10725 | D:8      | Learned a level 3 spell: Portal Projectile
 10729 | D:8      | Learned a level 3 spell: Gell's Gravitas
 10840 | D:8      | Noticed a komodo dragon
 10861 | D:8      | Killed a komodo dragon
 10861 | D:8      | Reached skill level 5 in Translocations
 11229 | D:8      | Acquired Sif Muna's second power
 12171 | D:9      | Noticed Grum
 12529 | D:9      | Upgraded the game from 0.17-a0-1020-ge683cc4 to 0.17-a0-1092-gc664a5b
 13451 | D:9      | Learned a level 3 spell: Tukima's Dance
 13574 | D:9      | Killed Grum
 13574 | D:9      | Reached skill level 1 in Shields
 13589 | D:9      | Reached XP level 11. HP: 26/56 MP: 8/16
 15467 | D:9      | Noticed a cyclops
 15627 | D:9      | Reached skill level 5 in Shields
 16223 | D:10     | Entered Level 10 of the Dungeon
 16239 | D:10     | Gained mutation: You are weak. (Str -2) [helix card]
 16300 | D:10     | Noticed aves's ghost (experienced VSFi)
 16371 | D:10     | Killed aves's ghost
 16539 | D:10     | Lost mutation: You are weak. (Str -2) [potion of cure mutation]
 16541 | D:10     | Gained mutation: Your natural rate of healing is unusually fast. [potion of beneficial mutation]
 16636 | D:10     | Noticed a hill giant
 16738 | D:10     | Killed a hill giant
 17275 | D:9      | Learned a level 4 spell: Passage of Golubria
 17695 | D:8      | Killed Psyche
 17904 | D:6      | Killed WhatIsLove's ghost
 18831 | D:10     | Noticed a green ugly thing
 19004 | D:10     | Reached XP level 12. HP: 39/60 MP: 4/17
 19329 | D:11     | Noticed Erolcha
 19779 | D:10     | Killed a cyan ugly thing
 20104 | D:11     | Noticed a cyan ugly thing
 20149 | D:10     | Killed a cyan ugly thing
 20251 | D:11     | Found Caopn's Book Emporium.
 20317 | D:11     | Paralysed by a wasp for 3 turns
 20353 | D:11     | Noticed a hill giant
 20870 | D:11     | Found a staircase to the Lair.
 20925 | D:11     | Killed a hill giant
 20999 | D:12     | Reached skill level 5 in Spellcasting
 21592 | Lair:1   | Entered Level 1 of the Lair of Beasts
 21708 | Lair:1   | Learned a level 5 spell: Summon Forest
 21862 | Lair:1   | Reached skill level 1 in Summonings
 22240 | Lair:1   | Acquired Sif Muna's third power
 22396 | Lair:1   | Noticed an eight-headed hydra
 22422 | Lair:1   | Killed an eight-headed hydra
 23003 | Lair:1   | Reached skill level 5 in Summonings
 23746 | Lair:2   | Noticed Gastronok
 23949 | Lair:2   | Noticed an eight-headed hydra
 23985 | Lair:2   | Killed an eight-headed hydra
 24182 | Lair:2   | Reached XP level 13. HP: 64/64 MP: 15/21
 24615 | Lair:2   | Killed Gastronok
 25289 | Lair:3   | Upgraded the game from 0.17-a0-1092-gc664a5b to 0.17-a0-1103-ga40c899
 27039 | Lair:4   | Received a gift from Sif Muna
 27113 | Lair:4   | Identified Sif Muna's Handbook of the Escort (Sif Muna gifted it to you on level 4 of the Lair of Beasts)
 27326 | Lair:4   | Learned a level 5 spell: Summon Mana Viper
 28243 | Lair:4   | Found a staircase to the Swamp.
 28876 | Lair:5   | Found a hole to the Spider Nest.
 30887 | Lair:5   | Killed from afar by a fire drake

Vault maps used:
D:1:      erik_arrival_orb_chamber, st_stairs_1
D:2:      grunt_temple_overflow_order_and_chaos_1,
          grunt_temple_overflow_growth_and_decay, kennysheep_jessica_study
D:3:      lemuel_crystal_altar
D:4:      mumra_celtic_spiral_tile, grunt_temple_overflow_open,
          minmay_temple_entry_trees, nicolae_ossuary_entry_ruins
D:5:      first_bread, serial_shops, kennysheep_little_box, uniq_prince_ribbit1
D:6:      lemuel_doored_altar, evilmike_ruin_ashenzari,
          nicolae_qazlal_general_emergency, old_standard_altar
D:7:      serial_shops, nicolae_shop_waterfront
D:8:      grunt_temple_overflow_holy_war, serial_shops, shop,
          minmay_misc_feat_iff, uniq_psyche
D:9:      hangedman_pestilent_swarm, grunt_ministairs_3, bh_walls_and_bars,
          uniq_grum
D:11:     due_lair_maze_entry_diamond, serial_shops, nicolae_shop_trees,
          serial_glass, glass_columns_a, glass_columns_c, glass_columns_b,
          glass_columns_c, glass_columns_b, glass_columns_a, glass_columns_a,
          glass_columns_a, uniq_erolcha
D:12:     zombieorc1_lemuel, minivault_22, stair_cage_cross, uniq_harold
Temple:   circular_temple_6
Lair:1:   serial_bayou_shore_a
Lair:2:   serial_bayou_lake_a, infiniplex_staircase_pool, uniq_gastronok
Lair:3:   pond
Lair:4:   minmay_swamp_entry_wisps, serial_bayou, serial_bayou_lagoon_a,
          serial_bayou_pond_d, serial_bayou_pond_a, serial_bayou_pond_d
Lair:5:   spider_nest_entry_a
Lair:6:   slime_altar_1, grunt_megastairs_3
Ossuary:  ossuary_tomb_1

Action                   |  1- 3 |  4- 6 |  7- 9 | 10-12 | 13-15 || total
-------------------------+-------+-------+-------+-------+-------++-------
Melee: Dagger            |    13 |       |       |       |       ||    13
       Short sword       |    75 |    37 |    13 |       |       ||   125
       Whip              |       |       |       |   139 |   185 ||   324
       Hunting sling     |       |       |       |       |     3 ||     3
 Fire: Hunting sling     |    48 |   311 |   596 |  1617 |   699 ||  3271
Throw: Stone             |    24 |     3 |       |       |     1 ||    28
 Cast: Blink             |       |       |     5 |   198 |    82 ||   285
       Gell's Gravitas   |       |       |       |     6 |       ||     6
       Tukima's Dance    |       |       |       |    30 |       ||    30
       Passage of Golubr |       |       |       |     9 |       ||     9
       Summon Forest     |       |       |       |     5 |     8 ||    13
       Corona            |       |       |       |     1 |       ||     1
       Summon Mana Viper |       |       |       |       |     3 ||     3
       Portal Projectile |       |       |       |       |     2 ||     2
Invok: Channel Energy    |       |       |       |     2 |     1 ||     3
Evoke: Deck              |       |       |       |     6 |       ||     6
       Wand              |       |       |       |     7 |     3 ||    10
  Use: Scroll            |       |    13 |    10 |    10 |     3 ||    36
       Potion            |       |     1 |     2 |    16 |     4 ||    23
 Stab: Sleeping          |       |       |       |     1 |       ||     1
  Eat: Chunk             |    11 |     3 |    24 |    54 |    18 ||   110
       Meat ration       |       |       |       |       |     1 ||     1
       Pizza             |       |       |       |       |     1 ||     1
